 Dungeon Crawl Stone Soup version 0.32-a0-540-g866d13106e (webtiles) character file.

Game seed: 14777731118593197215

492 anonymouscript the Chiller (level 7, -12/46 HPs)
             Began as a Merfolk Ice Elementalist on Feb 28, 2024.
             Was an Initiate of Vehumet.
             Mangled by an ogre
             ... wielding a +0 giant club
              (27 damage)
             ... on level 5 of the Dungeon.
             The game lasted 00:17:46 (4452 turns).

anonymouscript the Chiller (MfIE)                   Turns: 4452, Time: 00:17:46

Health: -12/46     AC:  2    Str:  9    XL:     7   Next: 14%
Magic:  14/14      EV: 13    Int: 16    God:    Vehumet [......]
Gold:   216        SH:  0    Dex: 14    Spells: 5/15 levels left

rFire   . . .        (no weapon)
rCold   . . .        (no shield)
rNeg    . . .        a - +0 robe
rPois   .            (no helmet)
rElec   .            (no cloak)
rCorr   .            (no gloves)
SInv    .            (no boots)
Will    .....        (no amulet)
Stlth   ++           (no ring)
HPRegen 0.27/turn    (no ring)
MPRegen 0.14/turn

%: no passive effects
@: no status effects
A: (nimble swimmer 2), mertail
a: Renounce Religion


You were on level 5 of the Dungeon.
You worshipped Vehumet.
Vehumet was noncommittal.
You visited 2 branches of the dungeon, and saw 6 of its levels.

You collected 216 gold pieces.

Inventory:

Missiles
 o - 24 stones
 r - 8 poisoned darts
 u - 2 javelins
Armour
 a - a +0 robe (worn)
 n - the +0 ring mail of Honesty {Dex+3}
   (You found it on level 2 of the Dungeon)

   Dex+3:     It affects your dexterity (+3).
Jewellery
 q - an amulet of the acrobat
 x - a ring of wizardry
Wands
 s - a wand of mindburst (17)
 v - a wand of flame (12)
Scrolls
 c - 3 scrolls of teleportation
 e - 2 scrolls of fear {unknown}
 g - a scroll of noise {unknown}
 i - a scroll of butterflies {unknown}
 k - a scroll of fog {unknown}
 l - 6 scrolls of identify {unknown}
 m - 2 scrolls of poison {unknown}
 t - 2 scrolls of enchant weapon {unknown}
 w - a scroll of blinking {unknown}
Potions
 b - 2 potions of magic
 d - a potion of curing {unknown}
 f - 2 potions of lignification {unknown}
 h - a potion of haste {unknown}
 j - a potion of degeneration {unknown}
 p - 2 potions of brilliance {unknown}


   Skills:
 + Level 0.2 Fighting
 + Level 3.5 Dodging
 + Level 2.7 Stealth
 + Level 0.2 Unarmed Combat
 + Level 4.7 Spellcasting
 + Level 7.0 Ice Magic


You had 5 spell levels left.
You knew the following spells:

 Your Spells              Type           Power      Damage    Failure   Level
a - Freeze                Ice            100%       1d10      1%          1
b - Frozen Ramparts       Ice            52%        1d8       2%          3
c - Ozocubu's Armour      Ice            26%        N/A       2%          3
d - Summon Ice Beast      Ice/Summ       15%        N/A       11%         3

Your spell library contained the following spells:

 Spells                   Type           Power      Damage    Failure   Level
 Metabolic Englaciation   Hex/Ice        7%         N/A       71%         5
 Sculpt Simulacrum        Ice/Alch       7%         N/A       99%         6


Dungeon Overview and Level Annotations

Branches:
Dungeon (5/15)             Temple (1/1) D:5

Altars:
Ashenzari
Dithmenos
Gozag
Kikubaaqudgha
Makhleb
Okawaru
Ru
Sif Muna
Vehumet
Wu Jian
Xom
Yredelemnul
The Shining One

Annotations:
D:2 Terence


Innate Abilities, Weirdness & Mutations

((You are very nimble when in or above water. (Stealth+, EV+, Speed+++)))
Your lower body shifts to a powerful aquatic tail in water.


Message History

The wall freezes the ice beast but does no damage.
The ice beast completely misses you.
You hit the ice beast but do no damage.
The ice beast completely resists.
The wall freezes the ice beast but does no damage.
The ice beast barely misses you.
You hit the ice beast but do no damage.
Your surroundings suddenly seem different.
The frozen ramparts melt away as you move.
Found a large pearl ring and 23 gold pieces.
Found a staircase to the Ecumenical Temple and a stone staircase leading up.
An ogre comes into view. It is wielding a +0 giant club.
The ogre shouts!
You see here a ring of wizardry.
x - a ring of wizardry The orc priest shouts!
The orc priest looks encouraged for a moment.
There is a staircase to the Ecumenical Temple here.
You climb downwards.
Welcome to the Ecumenical Temple!
Found an ornate altar of the Wu Jian Council and a basalt altar of Yredelemnul.
Found a staircase back to the Dungeon.
There is a staircase back to the Dungeon here.
Found a broken altar of Ashenzari.
Your legs become a tail as you enter the water.
Found a sacrificial altar of Ru.
Found an iron altar of Okawaru.
Your legs become a tail as you enter the water.
Your legs become a tail as you enter the water.
Found a radiant altar of Vehumet.
There is a radiant altar of Vehumet here.
You kneel at the altar of Vehumet.
Vehumet welcomes you!
Done exploring.
There is a staircase back to the Dungeon here.
You climb upwards.
Welcome back to the Dungeon!
The ogre hits you with a +0 giant club!!
Ouch! That really hurt!
There is a staircase to the Ecumenical Temple, spattered with blood here.
The ogre hits you with a +0 giant club!!
Ouch! That really hurt!
You die...

#....# #....# ....####
##.O..... #...... #<...#
#...## ## #####....##.## #
#........O@..#....
...###......#..>...# ..
...........###.o.......
..#........# #..####..##
##.......##..### ##..#
#......##..#...##...#
##### ..##...#......
....#.##..... ##.
$...$.#....# #..........#
#
##...........##).........#


You could see an ogre and an orc priest.

Vanquished Creatures
  2 scorpions (D:5)
  A howler monkey (D:5)
  2 hounds
  A sleepcap (D:4)
  An iguana (D:3)
  3 orc wizards
  4 adders
  4 gnolls (D:4)
  2 dart slugs (D:3)
  3 ribbon worms
  9 orcs
  3 endoplasms
  8 goblins
  4 hobgoblins
  4 kobolds
  3 quokkas
  6 ball pythons
  4 bats
  2 frilled lizards
  7 rats
73 creatures vanquished.

Notes
Turn   | Place    | Note
-------+----------+-------------------------------------------
     0 | D:1      | anonymouscript the Merfolk Ice Elementalist began the quest
                  | for the Orb.
     0 | D:1      | Reached XP level 1. HP: 13/13 MP: 3/3
   275 | D:1      | Reached XP level 2. HP: 11/19 MP: 0/5
   620 | D:1      | Reached skill level 5 in Ice Magic
   854 | D:2      | Reached XP level 3. HP: 24/24 MP: 2/6
   919 | D:2      | Noticed Terence
  1198 | D:2      | Identified the +0 ring mail of Honesty {Dex+3}
  1778 | D:3      | Reached XP level 4. HP: 29/30 MP: 0/8
  2042 | D:3      | Found a shimmering blue altar of Sif Muna.
  2211 | D:3      | Learned a level 3 spell: Frozen Ramparts
  2521 | D:3      | Reached XP level 5. HP: 13/35 MP: 5/10
  2613 | D:3      | Found a shimmering altar of Xom.
  2618 | D:3      | Found a shimmering altar of Xom.
  2618 | D:3      | Found a shimmering altar of Xom.
  2618 | D:3      | Found a shimmering altar of Xom.
  2618 | D:3      | Found a shimmering altar of Xom.
  2749 | D:3      | Found a burning altar of Makhleb.
  2870 | D:3      | Found a shimmering altar of Xom.
  2871 | D:3      | Found a shimmering altar of Xom.
  3108 | D:4      | Reached skill level 6 in Ice Magic
  3394 | D:4      | Found a glowing golden altar of the Shining One.
  3469 | D:4      | Reached XP level 6. HP: 41/41 MP: 8/12
  3621 | D:4      | Found an ancient bone altar of Kikubaaqudgha.
  4071 | D:5      | Entered Level 5 of the Dungeon
  4105 | D:5      | Found an opulent altar of Gozag.
  4307 | D:5      | Found a shadowy altar of Dithmenos.
  4325 | D:5      | Reached XP level 7. HP: 35/46 MP: 8/13
  4329 | D:5      | Learned a level 3 spell: Ozocubu's Armour
  4333 | D:5      | Learned a level 3 spell: Summon Ice Beast
  4374 | D:5      | Reached skill level 7 in Ice Magic
  4379 | D:5      | Found a staircase to the Ecumenical Temple.
  4388 | Temple   | Entered the Ecumenical Temple
  4440 | Temple   | Became a worshipper of Vehumet
  4452 | D:5      | Mangled by an ogre

Illustrated notes

Levels and vault maps discovered:
D:1:      minmay_arrival_arboretum_small, layout_rooms, serial_bayou,
          serial_bayou_ford_a, serial_bayou_lagoon_b, serial_bayou_crossing,
          serial_bayou_pond_a, serial_bayou_pond_e, nrook_mini_backslash
D:2:      layout_basic, kennysheep_generic_room_16, uniq_terence
D:3:      layout_basic, bloody_makhleb, nicolae_xom_altar_mimics,
          hellmonk_sif_muna_bookshelves, serial_park_tiny_pond,
          kennysheep_generic_room_6
D:4:      layout_loops_ring, mainiacjoe_overflow_cross_hatched,
          lemuel_tele_altar, minmay_circle_x
D:5:      layout_rooms, marbit_many_paths, nzn_hepliaklqana_mist_gate,
          nicolae_dithmenos_the_darkroom, minmay_temple_entry_wispy
Temple:   nicolae_temple_two_arcs

Skill      XL: |  1  2  3  4  5  6  7 |
---------------+----------------------+-----
Ice Magic      | 5 6 7 |  7.0
Spellcasting   | 3 4 |  4.7
Dodging        | 3 |  3.5
Fighting       | |  0.2
Stealth        | |  2.7
Unarmed Combat | |  0.2

Action                     |  1- 3 |  4- 6 |  7- 9 || total
---------------------------+-------+-------+-------++-------
  Melee: Unarmed           |    10 |    10 |     3 ||    23
         Tailslap          |     1 |       |       ||     1
         Punch             |       |     1 |       ||     1
   Cast: Freeze            |    59 |    55 |     2 ||   116
         Frozen Ramparts   |       |    10 |     1 ||    11
    Use: Scroll            |       |       |     1 ||     1
   Stab: Sleeping          |     1 |       |       ||     1
 Armour: Robe              |    26 |    41 |     6 ||    73
  Dodge: Dodged            |    33 |    44 |     3 ||    80

Table legend: (Time is in decaauts)
 A = Elapsed time spent in this place.
 B = Non-inter-level travel time spent in this place.
 C = Inter-level travel time spent in this place.
 D = Time resting spent in this place.
 E = Time spent auto-exploring this place.
 F = Levels seen in this place.
 G = Mean time per level.
                   A        B        C        D        E       F      G
               +--------+--------+--------+--------+--------+-----+--------+
         Total |   4381 |   4192 |    189 |     53 |   3196 |   6 |  730.2 |
       Dungeon |   4326 |   4147 |    179 |     53 |   3196 |   5 |  865.2 |
        Temple |     54 |     44 |     10 |      0 |      0 |   1 |   54.0 |
               +--------+--------+--------+--------+--------+-----+--------+

Top non-repeatable levels by time:
     D:3: 1404 daAuts
     D:4: 1018 daAuts
     D:1: 829 daAuts
     D:2: 756 daAuts
     D:5: 318 daAuts
  Temple: 54 daAuts
